 Dungeon Crawl Stone Soup version 0.31-a0-963-ga325b2283a (webtiles) character file.

Game seed: 9302930356512684136

4379 gelatine the Cleaver (level 10, 0/76 HPs)
             Began as a Demonspawn Gladiator on Oct 25, 2023.
             Succumbed to a hornet's poison
             ... on level 8 of the Dungeon.
             The game lasted 00:27:07 (9083 turns).

gelatine the Cleaver (Demonspawn Gladiator)         Turns: 9083, Time: 00:27:07

Health: 0/76       AC: 22    Str: 18    XL:     10   Next: 13%
Magic:  14/14      EV:  2    Int: 11    God:
Gold:   412        SH:  0    Dex: 14    Spells: 11/14 levels left

rFire   . . .        a - +1 war axe
rCold   . . .        (no shield)
rNeg    . . .        v - +0 crystal plate armour
rPois   .            (helmet unavailable)
rElec   .            I - +0 cloak
rCorr   .            x - +0 pair of gloves
SInv    .            M - +0 pair of boots
Will    .....        (no amulet) Stlth
                     (no ring)
HPRegen 0.32/turn    (no ring)
MPRegen 0.14/turn

%: no passive effects
@: brilliant, lethally poisoned (0 -> -4), slowed, invisible, very slow
A: horns 3, molten scales 2, ignite blood 1
a: no special abilities


You were on level 8 of the Dungeon.
You visited 2 branches of the dungeon, and saw 9 of its levels.
You also visited: Sewer and Bailey.

You collected 412 gold pieces.

Inventory:

Hand Weapons
 a - a +1 war axe (weapon)
 t - a +0 hand axe of electrocution
 u - a +2 flail of draining
 z - a +3 glaive
 L - a +4 quarterstaff of chaos
Missiles
 d - a throwing net
 e - a javelin
 g - 8 poisoned darts (quivered)
 m - 4 darts of dispersal
Armour
 o - a +2 ring mail of fire resistance
 q - the +0 scale mail "Atelev" {rC- Str+3}
   (You found it in a bailey)

   Str+3:     It affects your strength (+3).
   rC-:       It makes you vulnerable to cold.
 v - a +0 crystal plate armour (worn)
 w - a +1 leather armour of cold resistance
 x - a +0 pair of gloves (worn)
 F - a +1 scale mail of fire resistance
 I - a +0 cloak (worn)
 J - a +2 robe of willpower
 M - a +0 pair of boots (worn)
Magical Staves
 c - a staff of death
 h - a staff of fire
 s - a staff of death
Jewellery
 n - a ring of ice
 A - a ring of ice
Wands
 H - a wand of digging (6)
Scrolls
 f - 2 scrolls of teleportation
 k - a scroll of vulnerability
 p - 2 scrolls of noise
 r - 3 scrolls of fog
 y - 3 scrolls of enchant weapon
 N - a scroll of silence {unknown}
Potions
 b - 7 potions of cancellation
 i - a potion of invisibility
 l - a potion of magic
 C - 2 potions of heal wounds {unknown}
 D - a potion of mutation
 E - 2 potions of ambrosia {unknown}
 G - 2 potions of degeneration {unknown}
 K - a potion of attraction {unknown}


   Skills:
 * Level 5.8 Fighting
 * Level 8.3 Axes
 + Level 4.6 Throwing
 * Level 3.4 Armour
 * Level 4.4 Dodging
 + Level 2.3 Stealth
 + Level 2.8 Spellcasting
 + Level 3.3 Transmutations
 + Level 2.4 Fire Magic
 + Level 2.4 Poison Magic
 + Level 2.9 Evocations


You had 11 spell levels left.
You knew the following spells:

 Your Spells              Type           Power      Damage    Failure   Level
a - Ignite Poison         Fire/Tmut/Pois 11%        N/A       100%        3

Your spell library contained the following spells:

 Spells                   Type           Power      Damage    Failure   Level
 Cigotuvi's Dreadful Rot  Necr/Pois/Air  10%        N/A       100%        2
 Freezing Cloud           Conj/Ice/Air   1%         6-21      100%        5


Dungeon Overview and Level Annotations

Branches:
Dungeon (8/15)             Temple (1/1) D:7           Sewer (visited)
 Bailey (visited)
   Lair: D:8-11

Altars:
Ashenzari
Cheibriados
Dithmenos
Fedhas
Gozag
Hepliaklqana
Kikubaaqudgha
Nemelex Xobeh
Okawaru
Qazlal
Ru
Sif Muna
Trog
Uskayaw
Vehumet
Wu Jian
Xom
Yredelemnul


Innate Abilities, Weirdness & Mutations

You have a pair of large horns on your head.
You are mostly covered in molten scales. (AC +3)
Your demonic aura sometimes causes spilled blood to erupt in flames.


Message History

You hit the hornet but do no damage. Your headbutt misses the hornet.
The hornet is severely wounded.
You feel sick. The hornet stings you.
You feel as though you will be slow longer.
The hornet stings you!
You are more poisoned.
You feel as though you will be slow longer.
The hornet barely misses you.
You closely miss the hornet.
The hornet is severely wounded.
You feel very sick.
The hornet stings you but does no damage. x2
Unknown command.
You completely miss the hornet.
The hornet is severely wounded.
You feel very sick. The hornet stings you.
* * * LOW HITPOINT WARNING * * *
You feel as though you will be slow longer.
The hornet stings you.
* * * LOW HITPOINT WARNING * * *
You feel as though you will be slow longer.
You feel better. The hornet stings you!
* * * LOW HITPOINT WARNING * * *
You feel as though you will be slow longer.
The hornet stings you but does no damage.
The hornet stings you.
* * * LOW HITPOINT WARNING * * *
You are lethally poisoned!
You feel as though you will be slow longer.
You fade into invisibility!
* * * LOW HITPOINT WARNING * * *
You feel very sick. The hornet stings you.
* * * LOW HITPOINT WARNING * * *
You feel as though you will be slow longer.
The hornet stings you but does no damage.
It was a potion of brilliance.
You feel clever all of a sudden.
You die...

# .# #.. .###.# #
##### ...#(# #.
#...# .#.#.#
####.####...# .
##.#.#
#.......!...##...
.#.#.#
#........$.......
.#.#.#
#........@y.#
...#.#
#........####
.....###........#
...#..#.........#
.###..#.........#
......#.........#
.####..>....#####
## ######### #


You could see a hornet (unable to see you).

Vanquished Creatures
  A deep elf pyromancer (Bailey)
  An orc knight (Bailey)
  A wyvern (D:6)
  Menkaure (D:4)
  Edmund (D:5)
  Duvessa (D:5)
  5 orc warriors (Bailey)
  2 sky beasts (D:7)
  3 black bears
  Pargi (Sewer)
  2 ice beasts
  2 ogres
  2 phantoms (D:6)
  Blork the orc (D:4)
  2 bullfrogs (D:8)
  5 scorpions
  3 wights (D:6)
  Dowan (D:5)
  A howler monkey (D:8)
  A hound (D:5)
  Crazy Yiuf (D:7)
  2 jellies
  A gnoll bouda (D:6)
  An orc priest (D:7)
  A sleepcap (D:5)
  An iguana (D:4)
  8 orc wizards
  16 adders
  7 gnolls
  A shadow imp (D:5)
  2 worms
  3 dart slugs
  36 orcs
  13 ball pythons
  8 endoplasms
  2 giant cockroaches (D:2)
  4 goblins
  4 hobgoblins
  2 quokkas (D:1)
  7 bats
  5 frilled lizards
  6 kobolds
  4 rats (D:1)
172 creatures vanquished.

Notes
Turn   | Place    | Note
-------+----------+-------------------------------------------
     0 | D:1      | gelatine the Demonspawn Gladiator began the quest for the
                  | Orb.
     0 | D:1      | Reached XP level 1. HP: 16/16 MP: 1/1
   408 | D:1      | Reached skill level 3 in Axes
   456 | D:1      | Gained mutation: Your demonic aura sometimes causes spilled
                  | blood to erupt in flames. [demonic ancestry]
   456 | D:1      | Reached XP level 2. HP: 20/22 MP: 2/2
  1031 | D:2      | Reached XP level 3. HP: 18/28 MP: 3/3
  1692 | D:3      | Gained mutation: You have a pair of small horns on your
                  | head. [demonic ancestry]
  1692 | D:3      | Reached XP level 4. HP: 24/34 MP: 4/4
  1810 | D:3      | Reached skill level 4 in Axes
  2040 | D:3      | Found a faded altar of an unknown god.
  2041 | D:3      | Noticed an eye of devastation
  2044 | D:3      | Noticed a glass eye
  2058 | D:3      | Noticed an eye of devastation
  2061 | D:3      | Noticed a glass eye
  2314 | D:3      | Reached XP level 5. HP: 37/39 MP: 5/5
  2406 | D:3      | Reached skill level 1 in Armour
  2749 | D:4      | Noticed an ogre
  2752 | D:4      | Reached skill level 1 in Stealth
  2752 | D:4      | Killed an ogre
  2753 | D:4      | Gained mutation: You are partially covered in molten
                  | scales. (AC +2) [demonic ancestry]
  2753 | D:4      | Reached XP level 6. HP: 30/47 MP: 6/6
  2773 | D:4      | Reached skill level 5 in Axes
  3059 | D:4      | Found a basalt altar of Yredelemnul.
  3396 | D:4      | Noticed Menkaure
  3406 | D:4      | Killed Menkaure
  3407 | D:4      | Gained mutation: You are mostly covered in molten scales.
                  | (AC +3) [demonic ancestry]
  3407 | D:4      | Reached XP level 7. HP: 35/52 MP: 7/7
  3482 | D:4      | Noticed Blork the orc
  3489 | D:4      | Killed Blork the orc
  3591 | D:4      | Reached skill level 1 in Spellcasting
  3591 | D:4      | Reached skill level 1 in Evocations
  3937 | D:5      | Entered Level 5 of the Dungeon
  3982 | D:5      | Found a shimmering blue altar of Sif Muna.
  3986 | D:5      | Found a hazy altar of Hepliaklqana.
  3991 | D:5      | Noticed Duvessa
  4005 | D:5      | Noticed Dowan
  4014 | D:5      | Killed Duvessa
  4015 | D:5      | Reached skill level 6 in Axes
  4017 | D:5      | Killed Dowan
  4142 | D:5      | Found a glowing drain.
  4152 | Sewer    | Entered a sewer
  4213 | Sewer    | Gained mutation: You have a pair of horns on your head.
                  | [demonic ancestry]
  4213 | Sewer    | Reached XP level 8. HP: 57/60 MP: 10/10
  4225 | Sewer    | Noticed Pargi
  4234 | Sewer    | Killed Pargi
  4582 | D:5      | Noticed Edmund
  4596 | D:5      | Killed Edmund
  4895 | D:5      | Found a shimmering altar of Xom.
  5132 | D:5      | Found a broken altar of Ashenzari.
  5178 | D:6      | Reached skill level 7 in Axes
  5429 | D:6      | Learned a level 3 spell: Ignite Poison
  5436 | D:6      | Reached skill level 1 in Transmutations
  5534 | D:6      | Reached XP level 9. HP: 64/66 MP: 12/12
  5873 | D:6      | Reached skill level 5 in Fighting
  6633 | D:7      | Reached skill level 1 in Fire Magic
  6746 | D:7      | Found an ancient bone altar of Kikubaaqudgha.
  6770 | D:7      | Found a flagged portal.
  6787 | D:7      | Reached skill level 1 in Poison Magic
  6811 | Bailey   | Entered a bailey
  7099 | Bailey   | Noticed an orc knight
  7388 | Bailey   | Killed an orc knight
  7492 | Bailey   | Found a large runed translucent door.
  7492 | Bailey   | Found a large runed translucent door.
  7493 | Bailey   | Noticed a deep elf pyromancer
  7562 | Bailey   | Killed a deep elf pyromancer
  7563 | Bailey   | Reached skill level 8 in Axes
  7563 | Bailey   | Gained mutation: You have a pair of large horns on your
                  | head. [demonic ancestry]
  7563 | Bailey   | Reached XP level 10. HP: 37/76 MP: 10/14
  7587 | Bailey   | Identified the +0 scale mail "Atelev" {rC- Str+3}
  7989 | D:7      | Found a staircase to the Ecumenical Temple.
  8008 | Temple   | Entered the Ecumenical Temple
  8065 | D:7      | Found an opulent altar of Gozag.
  8585 | D:7      | Found a runed translucent door.
  8586 | D:7      | Noticed Crazy Yiuf
  8590 | D:7      | Killed Crazy Yiuf
  9082 | D:8      | HP: 3/76 [poisoned by a hornet]
  9083 | D:8      | Succumbed to a hornet's poison

Illustrated notes

Levels and vault maps discovered:
D:1:      wheals_arrival_shading, layout_loops_corners
D:2:      layout_rooms, minmay_misc_feat_x
D:3:      layout_basic, hellmonk_ecumenical_altar_watching_god,
          minmay_snake_closets
D:4:      layout_loops_cross, lemuel_tele_altar, uniq_blork_the_orc,
          uniq_menkaure
D:5:      layout_basic, tgw_xom, mainiacjoe_overflow_catwalk,
          lemuel_round_altar, mainiacjoe_overflow_tiny_flanked,
          cheibrodos_sewer_entry_sluice, uniq_edmund, uniq_duvessa
D:6:      layout_basic, nicolae_overflow_hidden_temple,
          chequers_serial_rivers_marsh
D:7:      layout_basic, nicolae_gozag_seed_capital,
          mainiacjoe_overflow_small_starburst, minmay_temple_entry_glass,
          enter_bailey_6, chequers_serial_rivers_micro_d, lemuel_flamethrower_1,
          uniq_crazy_yiuf_cottage
D:8:      layout_basic, hangedman_decor_push
Temple:   hellmonk_temple_forest_ring

Skill      XL: |  1  2  3  4  5  6  7  8  9 |
---------------+----------------------------+-----
Axes           | 3 4 5 6 7 8 |  8.3
Dodging        | 3 4 |  4.4
Armour         | 1 2 3 |  3.4
Stealth        | 1 2 |  2.3
Fighting       | 3 4 5 |  5.8
Spellcasting   | 1 2 |  2.8
Evocations     | 1 2 |  2.9
Throwing       | 2 4 |  4.6
Transmutations | 2 3 |  3.3
Fire Magic     | 2 |  2.4
Poison Magic   | 2 |  2.4

Action                     |  1- 3 |  4- 6 |  7- 9 | 10-12 || total
---------------------------+-------+-------+-------+-------++-------
  Melee: War axe           |   115 |    74 |       |    25 ||   214
         Punch             |     2 |     2 |     1 |       ||     5
         Headbutt          |       |    21 |    51 |    11 ||    83
         Hand axe          |       |    52 |   238 |    27 ||   317
  Throw: Throwing net      |     4 |       |       |       ||     4
         Stone             |       |       |    61 |       ||    61
         Boomerang         |       |       |    92 |       ||    92
         Dart              |       |       |     9 |       ||     9
         Javelin           |       |       |     1 |       ||     1
   Cast: Ignite Poison     |       |       |     3 |       ||     3
  Evoke: Wand              |       |       |     2 |       ||     2
    Use: Potion            |       |     1 |     4 |     3 ||     8
         Scroll            |       |       |    18 |       ||    18
   Stab: Sleeping          |     3 |     5 |     1 |       ||     9
 Armour: Leather armour    |    71 |    83 |   103 |       ||   257
         Robe              |       |       |    45 |       ||    45
         Crystal plate arm |       |       |       |    65 ||    65
  Dodge: Dodged            |    86 |    78 |   149 |     6 ||   319

Table legend: (Time is in decaauts)
 A = Elapsed time spent in this place.
 B = Non-inter-level travel time spent in this place.
 C = Inter-level travel time spent in this place.
 D = Time resting spent in this place.
 E = Time spent auto-exploring this place.
 F = Levels seen in this place.
 G = Mean time per level.
                   A        B        C        D        E       F      G
               +--------+--------+--------+--------+--------+-----+--------+
         Total |   9184 |   8800 |    384 |     13 |   6948 |  11 |  834.9 |
       Dungeon |   8174 |   7790 |    384 |     13 |   6309 |   8 | 1021.8 |
        Temple |      1 |      1 |      0 |      0 |      0 |   1 |    1.0 |
         Sewer |    182 |    182 |      0 |      0 |    114 |   1 |  182.0 |
        Bailey |    825 |    825 |      0 |      0 |    525 |   1 |  825.0 |
               +--------+--------+--------+--------+--------+-----+--------+

Top non-repeatable levels by time:
     D:6: 1438 daAuts
     D:7: 1431 daAuts
     D:4: 1373 daAuts
     D:5: 1087 daAuts
     D:3: 1050 daAuts
     D:1: 1049 daAuts
  Bailey: 825 daAuts
     D:2: 526 daAuts
     D:8: 217 daAuts
   Sewer: 182 daAuts
  Temple: 1 daAuts
